Map: Mech Depot LE

Players

McMonMEMEroe - Winner!

  • Race: Zerg Zerg
  • League: Master
  • Spawn Location: 7:00

FarmCakes

  • Race: Zerg Zerg
  • League: Master
  • Spawn Location: 1:00

VOD

https://go.twitch.tv/videos/186074637

Description

Time

  • Played on: Oct. 29, 2017, 12:38 p.m.
  • Length: 8:35
Show
View Real Time Build Order
Export as new Build Order

McMonMEMEroe Zerg - Winner!

Build Orders: Pool First 

Get SALT Encoding   

  12  0:00  Drone  
  13  0:12  Overlord  
  13  0:17  Drone  
  14  0:30  Drone x2  
  14  0:34  Drone  
  17  0:45  Spawning Pool  
  17  0:46  Drone  
  17  1:08  Hatchery  
  17  1:11  Drone  
  17  1:13  Drone  
  17  1:17  Drone  
  19  1:24  Extractor  
  18  1:31  Queen  
  18  1:32  Zergling x2  
  21  1:39  Overlord  
  21  1:50  Drone  
  22  2:01  Drone  
  22  2:07  Queen  
  25  2:12  Drone  
  26  2:19  Queen  
  26  2:20  Drone  
  26  2:21  Drone  
  30  2:30  Overlord  
  30  2:41  Drone x5  
  34  2:45  Lair  
  34  2:49  Evolution Chamber  
  33  2:52  Drone  
  33  2:54  Drone  
  35  2:59  Drone  
  36  3:05  Roach Warren  
  36  3:11  Drone x3  
  38  3:14  Extractor  
  38  3:17  Extractor  
  36  3:21  Drone  
  36  3:23  Drone  
  36  3:26  Drone  
  39  3:28  Drone  
  39  3:32  Drone x2  
  42  3:36  Overlord  
  42  3:45  Evolution Chamber  
  42  3:48  Spire, Drone x2  
  43  3:52  Extractor  
  43  3:54  Zerg Missile Weapons Level 1  
  41  3:56  Drone  
  41  4:00  Drone x2  
  44  4:03  Drone  
  44  4:05  Drone  
  44  4:07  Drone  
  44  4:09  Glial Reconstitution  
  47  4:14  Overlord  
  47  4:16  Drone  
  48  4:18  Drone  
  48  4:20  Drone  
  48  4:22  Drone  
  51  4:25  Overlord  
  51  4:29  Overlord  
  51  4:36  Overlord  
  51  5:01  Mutalisk x5  
  63  5:07  Roach x6  
  63  5:12  Overlord  
  73  5:18  Roach  
  75  5:22  Roach  
  79  5:28  Roach  
  79  5:40  Roach x6  
  91  5:45  Overlord x2  
  91  5:56  Zerg Missile Weapons Level 2, Roach  
  92  6:02  Overlord  
  92  6:03  Overlord x2  
  92  6:05  Roach x4  
  100  6:19  Roach x2  
  100  6:20  Hatchery  
  103  6:31  Roach x3  
  109  6:33  Ravager x2  
  109  6:34  Ravager x2  
  109  6:35  Roach  
  115  6:43  Roach x4  
  121  6:54  Roach x4  
  115  7:04  Roach x2  
  115  7:05  Roach x3  
  125  7:13  Drone  
  126  7:16  Overlord x2, Ravager  
  126  7:21  Overlord  
  127  7:23  Roach  
  129  7:35  Roach x6  
  141  7:43  Roach x3  
  147  7:46  Overlord  
  147  7:59  Roach x5  
  157  8:07  Ravager  
  157  8:11  Roach x4  
Show
View Real Time Build Order
Export as new Build Order

FarmCakes Zerg 

Build Orders: Hatch First 

Get SALT Encoding   

  12  0:00  Drone  
  13  0:09  Drone  
  14  0:18  Overlord  
  14  0:22  Extractor  
  14  0:24  Drone  
  15  0:36  Drone x2  
  17  0:54  Hatchery  
  17  0:56  Drone  
  17  1:00  Drone  
  18  1:10  Extractor  
  17  1:15  Spawning Pool  
  17  1:18  Drone  
  17  1:21  Drone  
  18  1:27  Drone  
  19  1:38  Overlord  
  19  2:01  Queen  
  19  2:02  Zergling x4  
  19  2:05  Queen  
  19  2:06  Zergling x2  
  26  2:11  Metabolic Boost, Drone  
  27  2:17  Drone  
  27  2:22  Drone  
  29  2:27  Drone  
  30  2:33  Drone  
  31  2:37  Baneling Nest  
  31  2:42  Drone  
  31  2:54  Hatchery  
  31  2:57  Drone  
  31  2:58  Drone  
  32  3:02  Drone  
  33  3:05  Drone  
  33  3:09  Overlord  
  33  3:12  Drone  
  35  3:16  Drone  
  36  3:21  Evolution Chamber  
  36  3:25  Lair  
  35  3:29  Drone x3  
  35  3:32  Drone  
  35  3:33  Drone  
  40  3:35  Drone  
  41  3:41  Roach Warren  
  41  3:45  Overlord  
  40  3:50  Zerg Missile Weapons Level 1  
  40  3:51  Drone  
  40  3:53  Drone  
  42  3:56  Overlord  
  42  3:59  Extractor  
  42  4:00  Extractor  
  42  4:01  Drone x2  
  42  4:06  Queen  
  44  4:10  Overlord  
  44  4:13  Drone  
  44  4:17  Drone x2  
  47  4:19  Drone x2  
  47  4:23  Glial Reconstitution  
  49  4:26  Overseer  
  49  4:28  Drone  
  50  4:32  Drone  
  50  4:34  Roach  
  50  4:37  Roach  
  55  4:40  Roach x2  
  55  4:45  Roach  
  61  4:47  Roach  
  61  4:49  Overlord  
  63  4:53  Roach  
  63  4:54  Roach  
  67  5:01  Roach x3  
  67  5:05  Overlord  
  73  5:12  Roach x2  
  73  5:13  Roach  
  79  5:16  Roach  
  81  5:23  Overlord x2  
  81  5:26  Roach x3  
  87  5:35  Spore Crawler  
  87  5:37  Spore Crawler  
  87  5:41  Spore Crawler, Queen  
  86  5:44  Drone x3  
  86  5:47  Zerg Missile Weapons Level 2  
  88  5:58  Drone  
  88  6:01  Overlord x2  
  88  6:03  Hydralisk Den  
  88  6:11  Roach x2  
  89  6:14  Overlord x2  
  87  6:20  Roach  
  87  6:21  Roach x3  
  87  6:25  Roach x2  
  97  6:30  Roach  
  97  6:33  Drone x2  
  97  6:35  Spore Crawler  
  97  6:38  Roach x2  
  97  6:51  Drone x3  
  98  6:55  Overlord x3  
  98  7:00  Muscular Augments  
  96  7:15  Drone x2  
  97  7:16  Drone x2  
  97  7:17  Drone x6  
  97  7:19  Extractor  
  97  7:21  Ravager  
  106  7:28  Roach x2  
  106  7:29  Roach x3  
  116  7:33  Hydralisk  
  116  7:35  Ravager x2  
  120  7:38  Roach  
  120  7:43  Overlord x2  
  122  7:45  Overseer  
  122  7:52  Extractor  
  122  7:53  Overlord x3  
  121  8:00  Hydralisk x3  
  127  8:07  Drone x4  
  127  8:08  Drone x3  
Tags
 
Add a new tag
Caveats
  • Supply blocks, unpowered buildings, or Contaminate may cause inaccurate times.
  • Supply counts are checked every 10 seconds.